 Dungeon Sprint DCSS version 0.16-a0-4008-gc88e425 (webtiles) character file.

12400000 PolkaDot the Conqueror (level 27, -2/266 HPs)
             Began as a Demonspawn Gladiator on Feb 16, 2015.
             Was the Champion of Makhleb.
             Killed by divine providence
             ... invoked by an accursed
              (9 damage)
             ... in the Dungeon (Sprint VIII: "Arena of Blood").
             The game lasted 00:05:04 (124 turns).

PolkaDot the Conqueror (Demonspawn Gladiator)        Turns: 124, Time: 00:05:05

Health: -2/266     AC: 11    Str: 17    XL:     27
Magic:  0/49       EV: 38    Int: 11    God:    Makhleb [******]
Gold:   0          SH:  0    Dex: 24    Spells: 0 memorised, 80 levels left

rFire  + . .     SeeInvis .     l - +∞ Axe of Woe
rCold  . . .     Clarity  .     b - +0 leather armour
rNeg   . . .     SustAb   .     (no shield)
rPois  .         Gourm    .     c - +0 helmet
rElec  .         Spirit   +     (no cloak)
rCorr  .         Warding  .     (gloves unavailable)
rMut   .         NoTele   +     (no boots)
MR     ++...                    (no amulet)
Stlth  +++++++++.               (no ring)
                                m - ring of protection from fire

@: hasted, very quick, very resistant to hostile enchantments, incredibly
stealthy
A: claws 3, rugged brown scales 3, spiny 3, augmentation 3, magic shield, magic
regeneration, magic link
a: Minor Destruction, Lesser Servant of Makhleb, Major Destruction, Greater
Servant of Makhleb, Renounce Religion


You were in the Dungeon.
You worshipped Makhleb.
Makhleb was exalted by your worship.
You were not hungry.

You visited 1 branch

Inventory:

Hand weapons
 a - a +0 war axe
 l - the +∞ Axe of Woe (weapon)
   (You found it in the Dungeon)
Missiles
 d - 3 throwing nets (quivered)
Armour
 b - a +0 leather armour (worn)
 c - a +0 helmet (worn)
Jewellery
 m - a ring of protection from fire (left claw)
Scrolls
 k - a scroll of blinking
Potions
 g - a potion of heal wounds
 i - 2 potions of magic
 j - a potion of berserk rage
Comestibles
 f - a bread ration


   Skills:
 O Level 27 Fighting
 O Level 27 Axes
 O Level 27 Throwing
 O Level 27 Armour
 O Level 27 Dodging
 O Level 27 Stealth
 O Level 27 Unarmed Combat
 O Level 27 Spellcasting
 O Level 27 Invocations


You had 80 spell levels left.
You didn't know any spells.

Dungeon Overview and Level Annotations

Branches:
Dungeon (1/1)

Altars:
Makhleb


Innate Abilities, Weirdness & Mutations

You have claws for hands.
You are completely covered in rugged brown scales (AC +3, +7% HP).
You are completely covered in sharp spines.
Your magical and physical power is greatly enhanced at high health.
When hurt, damage is shared between your health and your magic reserves.
You regenerate magic rapidly.
When low on magic, you restore magic in place of health.


Message History

The accursed casts a spell at you. Something smites you!
* * * LOW HITPOINT WARNING * * *
Drink which item? (? for menu, Esc to quit)
You feel yourself speed up.
You hear a shout! x2
The eight-headed meat hydra calls on the powers of darkness!
The eight-headed meat hydra convulses!
The bag of meat convulses!
Your body is wracked with pain!
* * * LOW MAGIC WARNING * * *;
* * * LOW HITPOINT WARNING * * *
You hear a shout!
The eight-headed meat hydra calls on the powers of darkness!
The eight-headed meat hydra convulses!
Your body is wracked with pain!
* * * LOW MAGIC WARNING * * *;
* * * LOW HITPOINT WARNING * * *
The scourge convulses!
You hear a shout! x2
The accursed gestures at you while chanting.
Something smites you!
* * * LOW MAGIC WARNING * * *
You die...

#.. #....... #.......
#....... §..# ... .
#...... ###...#.....C
#.....###DL..%%#.....
#%..S#.....o.%.......
#.......%#.W.%.......
#...@.....#........#.
#§§....%%%..%#.....#.
#§§§§))).)#)))).)###.
#.§§)#..%)))))).).).%
#.§§§##)))))))#..%...
#%..DM#..))%#.......#
#.....%###..........#
#.....##....#.%.....#
#....#........#.%....


You could see an accursed, a tyrant (wandering), 2 eight-headed meat hydras, a
scourge, a dread (wandering) and a bag of meat.

Vanquished Creatures
  Sigmund (D)
  A great orb of eyes (D)
  2 greater mummies (D)
  7 hell beasts (D)
  8 hill giants (D)
  2 liches (D)
  29 ogres (D)
  82 orcs (D)
  2 phantoms (D)
  5 skeletal warriors (D)
  12 vampire knights (D)
  3 wraiths (D)
  A sea snake (D)
  10 large abominations (D)
  A soul eater (D)
  3 small abominations (D)
  7 crawling corpses (D)
176 creatures vanquished.

Vanquished Creatures (others)
  A hydra (D)
  An orc (D)
  A sea snake (D)
  3 crawling corpses (D)
6 creatures vanquished.

Grand Total: 182 creatures vanquished

Notes
Turn   | Place    | Note
--------------------------------------------------------------
     0 | D        | PolkaDot, the Demonspawn Gladiator, began the quest for the Orb.
     0 | D        | Reached XP level 1. HP: 16/16 MP: 1/1
     3 | D        | Noticed a bag of meat
     3 | D        | Noticed a bag of meat
     4 | D        | Became a worshipper of Makhleb the Destroyer
     5 | D        | Noticed a meat berserker
     5 | D        | Noticed a bag of meat
     6 | D        | Noticed a bag of meat
     9 | D        | Noticed a meat berserker
     9 | D        | Noticed a bag of meat
    10 | D        | Killed a meat berserker
    10 | D        | Reached skill level 14 in Fighting
    10 | D        | Gained mutation: You have sharp fingernails. [demonic ancestry]
    10 | D        | Reached XP level 2. HP: 19/42 MP: 2/2
    10 | D        | Gained mutation: You are partially covered in sharp spines. [demonic ancestry]
    10 | D        | Reached XP level 3. HP: 21/48 MP: 3/3
    10 | D        | Gained mutation: You are partially covered in rugged brown scales (AC +1, +3% HP). [demonic ancestry]
    10 | D        | Reached XP level 4. HP: 21/56 MP: 4/4
    10 | D        | Reached XP level 5. HP: 23/62 MP: 5/5
    10 | D        | Reached XP level 6. HP: 25/70 MP: 6/6
    10 | D        | Gained mutation: You have very sharp fingernails. [demonic ancestry]
    10 | D        | Reached XP level 7. HP: 27/76 MP: 7/7
    10 | D        | Reached XP level 8. HP: 29/83 MP: 8/8
    10 | D        | Gained mutation: You are mostly covered in sharp spines. [demonic ancestry]
    10 | D        | Reached XP level 9. HP: 31/89 MP: 9/9
    10 | D        | Reached XP level 10. HP: 33/96 MP: 10/10
    10 | D        | Gained mutation: When hurt, damage is shared between your health and your magic reserves. [demonic ancestry]
    10 | D        | Reached XP level 11. HP: 35/103 MP: 11/11
    10 | D        | Killed a bag of meat
    10 | D        | Acquired Makhleb's first power
    10 | D        | Reached skill level 16 in Fighting
    10 | D        | Reached skill level 15 in Axes
    10 | D        | Reached skill level 15 in Dodging
    10 | D        | Reached XP level 12. HP: 37/114 MP: 12/12
    11 | D        | Noticed a bag of meat
    11 | D        | Noticed a bag of meat
    11 | D        | Killed a bag of meat
    11 | D        | Reached skill level 17 in Fighting
    11 | D        | Gained mutation: You regenerate magic rapidly. [demonic ancestry]
    11 | D        | Reached XP level 13. HP: 38/123 MP: 13/13
    11 | D        | Killed a bag of meat
    11 | D        | Acquired Makhleb's second power
    11 | D        | Reached skill level 18 in Fighting
    12 | D        | Killed a meat berserker
    12 | D        | Reached skill level 19 in Fighting
    12 | D        | Reached XP level 14. HP: 108/136 MP: 14/14
    12 | D        | Killed a bag of meat
    12 | D        | Acquired Makhleb's third power
    12 | D        | Reached skill level 20 in Fighting
    13 | D        | Noticed a meat berserker
    13 | D        | Noticed a meat berserker
    13 | D        | Noticed a bag of meat
    14 | D        | Noticed a large bag of meat
    14 | D        | Noticed a bag of meat
    15 | D        | Noticed a bag of meat
    16 | D        | Noticed a bag of meat
    16 | D        | Noticed a meat berserker
    16 | D        | Noticed a meat berserker
    17 | D        | Noticed a meat berserker
    17 | D        | Noticed a bag of meat
    17 | D        | Killed a bag of meat
    17 | D        | Gained mutation: You are mostly covered in rugged brown scales (AC +2, +5% HP). [demonic ancestry]
    17 | D        | Reached XP level 15. HP: 138/150 MP: 15/15
    18 | D        | Noticed a meat berserker
    18 | D        | Noticed a bag of meat
    18 | D        | Noticed a meat berserker
    18 | D        | Noticed a meat berserker
    18 | D        | Killed a meat berserker
    18 | D        | Reached skill level 21 in Fighting
    18 | D        | Killed a bag of meat
    18 | D        | Acquired Makhleb's fourth power
    18 | D        | Reached skill level 22 in Fighting
    18 | D        | Killed a meat berserker
    19 | D        | Killed a meat berserker
    19 | D        | Acquired Makhleb's fifth power
    19 | D        | Reached skill level 23 in Fighting
    19 | D        | Gained mutation: Your magical and physical power is slightly enhanced at high health. [demonic ancestry]
    19 | D        | Reached XP level 16. HP: 159/164 MP: 9/16
    19 | D        | Killed a bag of meat
    20 | D        | Noticed a bag of meat
    20 | D        | Noticed a bag of meat
    20 | D        | Killed a meat berserker
    20 | D        | Reached skill level 24 in Fighting
    20 | D        | Killed a bag of meat
    20 | D        | Killed a meat berserker
    20 | D        | Reached skill level 25 in Fighting
    20 | D        | Reached XP level 17. HP: 174/177 MP: 9/17
    21 | D        | Noticed a bag of meat
    21 | D        | Noticed a bag of meat
    21 | D        | Noticed a bag of meat
    21 | D        | Killed a bag of meat
    21 | D        | Killed a bag of meat
    21 | D        | Reached skill level 26 in Fighting
    22 | D        | Noticed a bag of meat
    22 | D        | Killed a meat berserker
    22 | D        | Killed a bag of meat
    22 | D        | Reached skill level 27 in Fighting
    22 | D        | Killed a meat berserker
    22 | D        | Gained mutation: You have claws for hands. [demonic ancestry]
    22 | D        | Reached XP level 18. HP: 189/191 MP: 10/18
    22 | D        | Killed a meat berserker
    23 | D        | Noticed a bag of meat
    23 | D        | Noticed a bag of meat
    24 | D        | Noticed a meat berserker
    24 | D        | Killed a bag of meat
    24 | D        | Reached skill level 27 in Axes
    24 | D        | Reached skill level 27 in Throwing
    24 | D        | Reached skill level 27 in Dodging
    24 | D        | Reached skill level 5 in Invocations
    25 | D        | Noticed a bag of meat
    26 | D        | Killed a bag of meat
    26 | D        | Killed a bag of meat
    27 | D        | Noticed a bag of meat
    27 | D        | Noticed a destroyer
    27 | D        | Killed a bag of meat
    27 | D        | Reached skill level 10 in Armour
    27 | D        | Reached skill level 10 in Unarmed Combat
    27 | D        | Reached skill level 10 in Spellcasting
    28 | D        | Noticed a destroyer
    28 | D        | Noticed a meat berserker
    28 | D        | Noticed a meat berserker
    28 | D        | Killed a large bag of meat
    28 | D        | Reached skill level 15 in Invocations
    28 | D        | Gained mutation: You are completely covered in rugged brown scales (AC +3, +7% HP). [demonic ancestry]
    28 | D        | Reached XP level 19. HP: 182/202 MP: 12/36
    28 | D        | Killed a bag of meat
    29 | D        | Noticed a destroyer
    29 | D        | Noticed a destroyer
    29 | D        | Noticed a large bag of meat
    29 | D        | Killed a bag of meat
    30 | D        | Noticed a bag of meat
    30 | D        | Noticed a meat berserker
    30 | D        | Killed a meat berserker
    30 | D        | Reached skill level 15 in Stealth
    30 | D        | Killed a bag of meat
    30 | D        | Reached skill level 15 in Armour
    30 | D        | Reached skill level 15 in Unarmed Combat
    30 | D        | Reached skill level 15 in Spellcasting
    31 | D        | Noticed a bag of meat
    31 | D        | Noticed a large bag of meat
    31 | D        | Noticed a bag of meat
    31 | D        | Noticed a bag of meat
    31 | D        | Noticed a bag of meat
    32 | D        | Noticed a bag of meat
    32 | D        | Noticed a bag of meat
    32 | D        | Noticed a bag of meat
    33 | D        | Noticed a bag of meat
    33 | D        | Noticed a bag of meat
    33 | D        | Noticed a bag of meat
    33 | D        | Killed a meat berserker
    33 | D        | Killed a destroyer
    33 | D        | Reached XP level 20. HP: 210/210 MP: 14/41
    33 | D        | Killed a bag of meat
    33 | D        | Noticed a bag of meat
    33 | D        | Noticed a large bag of meat
    34 | D        | Noticed a bag of meat
    34 | D        | Noticed a bag of meat
    34 | D        | Noticed a bag of meat
    34 | D        | Noticed a meat berserker
    34 | D        | Killed a bag of meat
    34 | D        | Killed a destroyer
    35 | D        | Noticed a bag of meat
    35 | D        | Noticed a meat berserker
    35 | D        | Noticed a bag of meat
    35 | D        | Noticed a bag of meat
    35 | D        | Killed a meat berserker
    35 | D        | Killed a bag of meat
    35 | D        | Killed a meat berserker
    36 | D        | Noticed a bag of meat
    36 | D        | Noticed a meat berserker
    36 | D        | Noticed a bag of meat
    36 | D        | Noticed a bag of meat
    36 | D        | Noticed a sculptor of flesh
    36 | D        | Killed a bag of meat
    36 | D        | Killed a bag of meat
    36 | D        | Reached skill level 27 in Invocations
    36 | D        | Reached XP level 21. HP: 218/218 MP: 15/44
    37 | D        | Noticed a bag of meat
    38 | D        | Noticed a bag of meat
    38 | D        | Noticed a bag of meat
    38 | D        | Noticed a destroyer
    38 | D        | Noticed a destroyer
    38 | D        | Killed a bag of meat
    38 | D        | Killed a bag of meat
    39 | D        | Noticed a bag of meat
    39 | D        | Noticed a destroyer
    39 | D        | Killed a meat berserker
    39 | D        | Killed a destroyer
    40 | D        | Noticed a bag of meat
    40 | D        | Noticed a bag of meat
    40 | D        | Killed a large bag of meat
    40 | D        | Killed a bag of meat
    40 | D        | Killed a bag of meat
    40 | D        | Killed a bag of meat
    40 | D        | Reached XP level 22. HP: 226/226 MP: 13/46
    40 | D        | Killed a bag of meat
    41 | D        | Noticed a destroyer
    41 | D        | Noticed a bag of meat
    41 | D        | Noticed a bag of meat
    41 | D        | Killed a bag of meat
    41 | D        | Reached skill level 27 in Stealth
    41 | D        | Killed a large bag of meat
    41 | D        | Killed a meat berserker
    41 | D        | Killed a bag of meat
    41 | D        | Reached skill level 27 in Armour
    41 | D        | Reached skill level 27 in Unarmed Combat
    41 | D        | Reached skill level 27 in Spellcasting
    41 | D        | Killed a bag of meat
    42 | D        | Noticed a bag of meat
    42 | D        | Killed a bag of meat
    42 | D        | Killed a bag of meat
    43 | D        | Noticed a bag of meat
    43 | D        | Killed a meat berserker
    43 | D        | Killed a bag of meat
    43 | D        | Gained mutation: Your magical and physical power is enhanced at high health. [demonic ancestry]
    43 | D        | Reached XP level 23. HP: 234/234 MP: 11/48
    43 | D        | Killed a bag of meat
    43 | D        | Killed a bag of meat
    43 | D        | Killed a large bag of meat
    44 | D        | Noticed a bag of meat
    44 | D        | Noticed a sculptor of flesh
    44 | D        | Killed a destroyer
    44 | D        | Killed a bag of meat
    44 | D        | Killed a bag of meat
    44 | D        | Killed a bag of meat
    44 | D        | Killed a bag of meat
    44 | D        | Killed a destroyer
    45 | D        | Killed a bag of meat
    45 | D        | Killed a bag of meat
    45 | D        | Gained mutation: Your magical and physical power is greatly enhanced at high health. [demonic ancestry]
    45 | D        | Reached XP level 24. HP: 242/242 MP: 10/48
    46 | D        | Noticed a bag of meat
    46 | D        | Noticed a bag of meat
    46 | D        | Noticed a large bag of meat
    46 | D        | Noticed a meat berserker
    46 | D        | Killed a sculptor of flesh
    46 | D        | Killed a bag of meat
    47 | D        | Noticed a destroyer
    47 | D        | Killed a bag of meat
    47 | D        | Killed a bag of meat
    47 | D        | Killed a bag of meat
    47 | D        | Killed a bag of meat
    48 | D        | Noticed a meat berserker
    48 | D        | Killed a destroyer
    49 | D        | Noticed a sculptor of flesh
    49 | D        | Noticed a bag of meat
    49 | D        | Killed a destroyer
    49 | D        | Killed a bag of meat
    49 | D        | Killed a bag of meat
    49 | D        | Killed a bag of meat
    49 | D        | Reached XP level 25. HP: 250/250 MP: 10/49
    50 | D        | Killed a meat berserker
    50 | D        | Killed a bag of meat
    51 | D        | Noticed a bag of meat
    51 | D        | Noticed a meat berserker
    51 | D        | Killed a bag of meat
    51 | D        | Killed a bag of meat
    52 | D        | Noticed a sculptor of flesh
    52 | D        | Killed a bag of meat
    53 | D        | Noticed a sculptor of flesh
    53 | D        | Killed a sculptor of flesh
    53 | D        | Killed a meat berserker
    54 | D        | Killed a bag of meat
    55 | D        | Noticed a meat berserker
    55 | D        | Killed a meat berserker
    55 | D        | Killed a large bag of meat
    55 | D        | Gained mutation: When low on magic, you restore magic in place of health. [demonic ancestry]
    55 | D        | Reached XP level 26. HP: 258/258 MP: 7/49
    56 | D        | Noticed a destroyer
    56 | D        | Killed a bag of meat
    57 | D        | Noticed a meat berserker
    57 | D        | Noticed a bag of meat
    57 | D        | Noticed a tyrant
    57 | D        | Killed a bag of meat
    57 | D        | Killed a destroyer
    58 | D        | Killed a destroyer
    59 | D        | Killed a meat berserker
    59 | D        | Killed a sculptor of flesh
    59 | D        | Killed a bag of meat
    60 | D        | Noticed a bag of meat
    60 | D        | Killed a sculptor of flesh
    61 | D        | Noticed a bag of meat
    61 | D        | Noticed a dread
    61 | D        | Noticed The Captor
    61 | D        | Noticed a bag of meat
    61 | D        | Noticed a bag of meat
    61 | D        | Killed a dread
    62 | D        | Noticed a meat berserker
    63 | D        | Killed a destroyer
    63 | D        | Killed a meat berserker
    64 | D        | Killed a tyrant
    64 | D        | Gained mutation: You are completely covered in sharp spines. [demonic ancestry]
    64 | D        | Reached XP level 27. HP: 266/266 MP: 11/49
    64 | D        | Killed a sculptor of flesh
    65 | D        | Killed a bag of meat
    66 | D        | Noticed a meat berserker
    66 | D        | Killed a bag of meat
    67 | D        | Noticed a bag of meat
    67 | D        | Noticed a destroyer
    67 | D        | Noticed a bag of meat
    67 | D        | Noticed a bag of meat
    68 | D        | Noticed a meat beast
    68 | D        | Noticed a bag of meat
    68 | D        | Killed The Captor
    68 | D        | Killed a bag of meat
    68 | D        | Killed a bag of meat
    68 | D        | Killed a meat berserker
    68 | D        | Killed a meat berserker
    69 | D        | Noticed a destroyer
    70 | D        | Noticed a meat berserker
    70 | D        | Noticed a meat beast
    70 | D        | Noticed a meat beast
    70 | D        | Noticed a bag of meat
    70 | D        | Killed a bag of meat
    70 | D        | Killed a bag of meat
    71 | D        | Noticed a bag of meat
    72 | D        | Killed a meat beast
    72 | D        | Killed a meat beast
    72 | D        | Killed a bag of meat
    73 | D        | Killed a bag of meat
    73 | D        | Killed a meat beast
    74 | D        | Noticed a meat beast
    74 | D        | Noticed a meat berserker
    74 | D        | Killed a meat berserker
    74 | D        | Killed a bag of meat
    75 | D        | Noticed a dread
    75 | D        | Killed a bag of meat
    76 | D        | Killed a destroyer
    77 | D        | Noticed a meat berserker
    77 | D        | Noticed a bag of meat
    78 | D        | Killed a meat beast
    79 | D        | Noticed a meat berserker
    79 | D        | Killed a destroyer
    79 | D        | Killed a meat berserker
    80 | D        | Noticed a bag of meat
    80 | D        | Killed a bag of meat
    81 | D        | Noticed a bag of meat
    81 | D        | Killed a meat berserker
    81 | D        | Noticed a tyrant
    82 | D        | Killed a meat berserker
    83 | D        | Noticed a large bag of meat
    83 | D        | Noticed a meat beast
    83 | D        | Noticed a bag of meat
    83 | D        | Noticed a bag of meat
    83 | D        | Noticed a bag of meat
    84 | D        | Noticed a bag of meat
    84 | D        | Noticed a bag of meat
    85 | D        | Killed a tyrant
    85 | D        | Killed a bag of meat
    87 | D        | Noticed a meat beast
    87 | D        | Killed a meat beast
    87 | D        | Killed a bag of meat
    88 | D        | Killed a meat beast
    88 | D        | Killed a wretched soul
    88 | D        | Killed a bag of meat
    89 | D        | Killed a large bag of meat
    90 | D        | Killed a bag of meat
    90 | D        | Killed a bag of meat
    91 | D        | Killed a bag of meat
    93 | D        | Killed a bag of meat
    93 | D        | Killed a dread
    93 | D        | Killed a bag of meat
    95 | D        | Noticed a bag of meat
    97 | D        | Noticed a large bag of meat
    97 | D        | Noticed a bag of meat
    98 | D        | Noticed a bag of meat
    98 | D        | Noticed a bag of meat
   100 | D        | Noticed a meat berserker
   100 | D        | Noticed a bag of meat
   100 | D        | Noticed an accursed
   102 | D        | Noticed an accursed
   103 | D        | Killed a bag of meat
   104 | D        | Noticed a large bag of meat
   106 | D        | Killed an accursed
   108 | D        | Noticed a bag of meat
   108 | D        | Killed a meat berserker
   109 | D        | Noticed an accursed
   110 | D        | Killed a bag of meat
   110 | D        | Killed an observer
   111 | D        | Killed a large bag of meat
   114 | D        | Killed a bag of meat
   115 | D        | Killed a large bag of meat
   115 | D        | HP: 9/266 [large bag of meat/exploding inner flame (10)]
   117 | D        | Noticed a dread
   117 | D        | Killed a bag of meat
   117 | D        | Killed a wretched soul
   117 | D        | Killed an accursed
   119 | D        | Noticed a meat beast
   119 | D        | Noticed a meat beast
   120 | D        | Killed a bag of meat
   121 | D        | Killed a dread
   122 | D        | Killed a meat beast
   123 | D        | Noticed a dread
   123 | D        | Noticed a tyrant
   124 | D        | HP: 10/266 [??? (5)]
   124 | D        | Killed from afar by an accursed

Action                   |  1- 3 |  4- 6 |  7- 9 | 10-12 | 13-15 | 16-18 | 19-21 | 22-24 | 25-27 || total
-------------------------+-------+-------+-------+-------+-------+-------+-------+-------+-------++-------
Melee: Executioner's axe |     1 |       |       |     1 |     4 |     7 |    10 |     9 |    47 ||    79
  Use: Potion            |       |       |       |       |       |       |       |       |     2 ||     2
